 Dungeon Sprint DCSS version 0.29.1-15-g9cfb28693d (webtiles) character file.

Game seed: 3698079168491386838

5195 Groucho the Unseen (level 10, -9/46 HPs)
             Began as a Spriggan Enchanter on Feb 26, 2023.
             Was an Elder of Dithmenos.
             Succumbed to a death drake's dark miasma
             ... in the Dungeon (Sprint II: "The Violet Keep of Menkaure").
             The game lasted 00:11:02 (614 turns).

Groucho the Unseen (Spriggan Enchanter)              Turns: 614, Time: 00:11:03

Health: -9/46      AC:  2    Str:  8    XL:     10   Next: 34%
Magic:  18/29      EV: 24    Int: 20    God:    Dithmenos [****..]
Gold:   640        SH:  0    Dex: 15    Spells: 29/37 levels left

rFire   + . .      SeeInvis +   f - +7 short sword of Neurosis {freeze, Int+2}
rCold   + . .      Faith    .   (no shield)
rNeg    . . .      Spirit   .   b - +0 robe
rPois   .          Reflect  .   (helmet restricted)
rElec   .          Harm     .   c - scarf {rC+ rF+}
rCorr   .          Rampage  .   (gloves unavailable)
Will    +....      NoTele   +   (boots unavailable)
Stlth   +++++++++.              (no amulet)
HPRegen 0.15/turn               (no ring)
MPRegen 0.21/turn               (no ring)

@: lethally poisoned (-9 -> -49), slowed, wreathed by umbra, quick
A: very small, no large weapons, unfitting armour, see invisible, speed 3
a: Renounce Religion, Shadow Step


You were in the Dungeon.
You worshipped Dithmenos.
Dithmenos was greatly pleased with you.
You visited 1 branch You collected 1156 gold pieces.
You spent 516 gold pieces at shops.

Inventory:

Hand Weapons
 a - a +1 dagger
 f - the +7 short sword of Neurosis (weapon) {freeze, Int+2}
   (You found it in the Dungeon)

   It freezes those it strikes, dealing additional cold damage.
   It can also slow down cold-blooded creatures.
   Int:       It affects your intelligence (+2).
Armour
 b - a +0 robe (worn)
 c - a scarf of resistance (worn)
Scrolls
 h - a scroll of identify {unknown}
Potions
 e - a potion of heal wounds
 g - 2 potions of magic


   Skills:
 + Level 1.6 Fighting
 + Level 12.9 Short Blades
 + Level 12.2 Dodging
 - Level 16.7 Stealth
 + Level 14.2 Spellcasting
 - Level 14.2 Hexes
 * Level 3.0 Invocations


You had 29 spell levels left.
You knew the following spells:

 Your Spells              Type           Power      Damage    Failure   Level
a - Ensorcelled Hibernat  Hex/Ice        84%        N/A       1%          2
b - Confusing Touch       Hex            63%        N/A       1%          3
c - Dazzling Flash        Conj/Hex       84%        N/A       1%          3

Your spell library contained the following spells:

 Spells                   Type           Power      Damage    Failure   Level
 Tukima's Dance           Hex            63%        N/A       1%          3


Dungeon Overview and Level Annotations

Branches:
Dungeon (1/1)

Altars:
Cheibriados
Dithmenos
Elyvilon
Fedhas
Gozag
Hepliaklqana
Kikubaaqudgha
Makhleb
Nemelex Xobeh
Okawaru
Qazlal
Ru
Sif Muna
Trog
Uskayaw
Vehumet
Wu Jian
Xom
Yredelemnul
Zin
The Shining One
Jiyva
Lugonu

Shops:
D ::(=![(=(!?=[[?

Annotations:
D exclusion: oklob plant, Roxanne


Innate Abilities, Weirdness & Mutations

You are very small and have problems with some larger weapons.
You are too small for most types of armour.
You have supernaturally acute eyesight. (SInv)
You cover ground extremely quickly. (Speed+++)


Message History

The swamp drake is lightly wounded.
You miss the death drake.
The death drake hisses angrily.
You feel less confused.
Casting: Ensorcelled Hibernation (safe; 1% risk of failure)
Confirm with . or Enter, or press ? or * to list all spells.
Aiming: Ensorcelled Hibernation (safe; 1% risk of failure)
Press: ? - help, Shift-Dir - straight line, f/p - swamp drake
Aim: a swamp drake (lightly wounded, umbra, chance to affect: 67%)
The death drake is unaffected.
The death drake breathes miasma at you. The foul vapour engulfs you!
You are poisoned.
You feel yourself slow down.
Casting: Ensorcelled Hibernation (safe; 1% risk of failure)
Confirm with . or Enter, or press ? or * to list all spells.
Aiming: Ensorcelled Hibernation (safe; 1% risk of failure)
Press: ? - help, Shift-Dir - straight line, f - death drake
Aim: a death drake (foul pestilence, umbra, chance to affect: 50%)
The death drake is unaffected.
Your shadow mimicks your spell!
The death drake is unaffected.
You are engulfed in dark miasma.
You are lethally poisoned!
You feel as though you will be slow longer.
* * * LOW HITPOINT WARNING * * *
You feel extremely sick. The death drake misses you.
The death drake completely misses you.
Unknown command.
Unknown command.
Unknown command.
Unknown command.
Unknown command.
Okay, then.
Casting: Ensorcelled Hibernation (safe; 1% risk of failure)
Confirm with . or Enter, or press ? or * to list all spells.
Aiming: Ensorcelled Hibernation (safe; 1% risk of failure)
Press: ? - help, Shift-Dir - straight line, f/p - death drake
Aim: a death drake (foul pestilence, umbra, chance to affect: 50%)
The death drake is unaffected.
You die... ##++## ##≈...### #)≈.....## ++#++ ####....#!## .. ... #..'.^..#kk# # #..#..####.#.k# # ###.####†.'°##k# .##..#....#$.#°°@#### ) #...####..#####°°##)# $)):

##'###.##..#..'°°#†.#▓[$[(?
##.##...#..#†(#..#..#▓!?)$$?
'.<.'###'..####..##.#▓?[)$!(
##.##...#....###...##▓▓▓▓▓▓▓
##'###.##..§...~~~~~~~~~~~~~
#.#.####~~..§..~#'########+#
..##.#~§~~~~§..~#....._..#~~


You could see 2 death drakes and a swamp drake.

Vanquished Creatures
  A deep elf master archer (D)
  2 boulder beetles (D)
  A yaktaur (D)
  A hornet (D)
  3 polar bears (D)
  4 wyverns (D)
  A vampire mosquito (D)
  4 neqoxecs (D)
  Menkaure (D)
  A water moccasin (D)
  3 black bears (D)
  A spectral adder (D)
  3 worms (D)
  A spectral giant cockroach (D)
27 creatures vanquished.

Notes
Turn   | Place    | Note
-------+----------+-------------------------------------------
     0 | D        | Groucho the Spriggan Enchanter began the quest for the Orb.
     0 | D        | Reached XP level 1. HP: 9/9 MP: 5/5
     3 | D        | Noticed a neqoxec
     3 | D        | Noticed a neqoxec
     3 | D        | Noticed a neqoxec
     3 | D        | Noticed a neqoxec
     8 | D        | Killed a neqoxec
     9 | D        | Reached skill level 10 in Stealth
     9 | D        | Reached skill level 5 in Spellcasting
     9 | D        | Reached XP level 2. HP: 13/13 MP: 5/9
     9 | D        | Reached XP level 3. HP: 16/16 MP: 6/11
     9 | D        | Reached XP level 4. HP: 21/21 MP: 6/12
    15 | D        | Killed a neqoxec
    16 | D        | Reached skill level 12 in Stealth
    16 | D        | Reached XP level 5. HP: 24/24 MP: 6/15
    20 | D        | Gained mutation: You are resistant to electric shocks.
                  | (rElec) [a neqoxec]
    22 | D        | Lost mutation: You are resistant to electric shocks.
                  | (rElec) [a neqoxec]
    23 | D        | Killed a neqoxec
    24 | D        | Reached skill level 14 in Stealth
    24 | D        | Reached XP level 6. HP: 28/28 MP: 7/18
    27 | D        | Killed a neqoxec
    28 | D        | Reached skill level 15 in Stealth
    28 | D        | Reached XP level 7. HP: 32/32 MP: 7/20
    31 | D        | Noticed a boulder beetle
    31 | D        | Noticed a boulder beetle
    50 | D        | Noticed a wyvern
    50 | D        | Noticed a wyvern
    53 | D        | Killed a wyvern
    54 | D        | Reached skill level 16 in Stealth
    56 | D        | Killed a wyvern
    65 | D        | Killed a boulder beetle
    66 | D        | Reached skill level 10 in Spellcasting
    66 | D        | Reached XP level 8. HP: 36/36 MP: 11/23
    68 | D        | Killed a boulder beetle
    69 | D        | Reached skill level 10 in Short Blades
    69 | D        | Reached XP level 9. HP: 39/39 MP: 12/25
    86 | D        | Found Orreffea's Magic Scroll Emporium.
    86 | D        | Found Noogitro's Jewellery Shoppe.
    86 | D        | Found Nuriocydd's Antique Armour Shoppe.
    86 | D        | Found Ygokylat's Magic Scroll Emporium.
    87 | D        | Found Jatsebb's Armour Emporium.
    87 | D        | Found Puaseucs's Weapon Emporium.
    87 | D        | Found Daskirho's Jewellery Shoppe.
    94 | D        | Learned a level 2 spell: Ensorcelled Hibernation
    98 | D        | Learned a level 3 spell: Confusing Touch
   102 | D        | Learned a level 3 spell: Dazzling Flash
   102 | D        | Found Cosoack's Antique Armour Shoppe.
   102 | D        | Found Cal Vott's Distillery.
   102 | D        | Found Wyom's Antique Weapon Emporium.
   102 | D        | Found Maladen's Distillery.
   102 | D        | Noticed Menkaure
   102 | D        | Noticed a hell hog
   137 | D        | Killed Menkaure
   139 | D        | Found Haofonai's Jewellery Shoppe.
   139 | D        | Found Jydyppuf's Weapon Emporium.
   139 | D        | Noticed a hell hog
   139 | D        | Noticed an oklob plant
   140 | D        | Found Eceitul's Book Shoppe.
   140 | D        | Found Ypra's Book Shoppe.
   144 | D        | Noticed a manticore
   144 | D        | Noticed a manticore
   146 | D        | Noticed a manticore
   316 | D        | Bought a scarf of resistance for 320 gold pieces
   353 | D        | Bought a potion of flight for 42 gold pieces
   353 | D        | Bought a potion of flight for 42 gold pieces
   353 | D        | Bought a potion of invisibility for 112 gold pieces
   377 | D        | Found a blossoming altar of Fedhas.
   378 | D        | Found a white marble altar of Elyvilon.
   379 | D        | Found a shadowy altar of Dithmenos.
   379 | D        | Found a corrupted altar of Lugonu.
   379 | D        | Found an opulent altar of Gozag.
   379 | D        | Found a burning altar of Makhleb.
   380 | D        | Found a snail-covered altar of Cheibriados.
   380 | D        | Found an ancient bone altar of Kikubaaqudgha.
   380 | D        | Found a bloodstained altar of Trog.
   380 | D        | Found a sparkling altar of Nemelex Xobeh.
   380 | D        | Found a hide-covered altar of Uskayaw.
   381 | D        | Found a viscous altar of Jiyva.
   381 | D        | Found a shimmering blue altar of Sif Muna.
   382 | D        | Found a hazy altar of Hepliaklqana.
   382 | D        | Found a sacrificial altar of Ru.
   383 | D        | Found a shimmering altar of Xom.
   384 | D        | Found a stormy altar of Qazlal.
   384 | D        | Found an ornate altar of the Wu Jian Council.
   384 | D        | Found a basalt altar of Yredelemnul.
   384 | D        | Found a glowing golden altar of the Shining One.
   385 | D        | Found a radiant altar of Vehumet.
   385 | D        | Found an iron altar of Okawaru.
   385 | D        | Found a glowing silver altar of Zin.
   388 | D        | Became a worshipper of Dithmenos the Shadowed
   398 | D        | Noticed a yaktaur
   398 | D        | Noticed a polar bear
   399 | D        | Noticed a polar bear
   399 | D        | Noticed a polar bear
   400 | D        | Killed a polar bear
   401 | D        | Killed a polar bear
   403 | D        | Killed a polar bear
   403 | D        | Reached * piety under Dithmenos
   405 | D        | Reached skill level 10 in Dodging
   406 | D        | Killed a yaktaur
   421 | D        | Noticed a deep elf master archer
   425 | D        | Killed a deep elf master archer
   425 | D        | Reached ** piety under Dithmenos
   426 | D        | Reached XP level 10. HP: 44/44 MP: 28/28
   447 | D        | Reached *** piety under Dithmenos
   448 | D        | Reached skill level 1 in Invocations
   458 | D        | Reached skill level 1 in Fighting
   483 | D        | Identified Roxanne's Folio of the Quarry
   483 | D        | Noticed Roxanne
   488 | D        | Identified the +7 short sword of Neurosis {freeze, Int+2}
   527 | D        | Reached **** piety under Dithmenos
   603 | D        | Noticed a death drake
   604 | D        | Noticed a death drake
   604 | D        | Noticed a crystal guardian
   614 | D        | Succumbed to a death drake's dark miasma

Illustrated notes

Levels and vault maps discovered:
D:        the_violet_keep_of_menkaure [sprint2_stairs_cluster_1,
          sprint2_shoproom, sprint2_temple, sprint2_basic_supplies,
          sprint2_obstacle_5, sprint2_obstacle_6, sprint2_obstacle_2,
          sprint2_obstacle_4, sprint2_obstacle_7, sprint2_timed_cluster_1,
          sprint2_smallroom_cluster_1, sprint2_smallroom_final_cluster_1,
          sprint2_transparent_cluster_1, sprint2_second_timed_cluster_1,
          sprint2_sniper_area_1, sprint2_heavy_combat_area_1,
          sprint2_mutation_trap_area_1, sprint2_forest_area_1,
          sprint2_light_combat_area_1, sprint2_behind_water_1,
          sprint2_near_end_vault_1]

Skill      XL: |  1  2  3  4  5  6  7  8  9 10 |
---------------+-------------------------------+-----
Short Blades   | 4 6 7 9 10 12 | 12.9
Stealth        | 10 12 14 15 16 | 16.7
Spellcasting   | 5 7 8 10 11 13 14 | 14.2
Hexes          | 6 7 8 11 14 | 14.2
Dodging        | 6 8 11 12 | 12.2
Invocations    | 3 |  3.0
Fighting       | 1 |  1.6

Action                   |  1- 3 |  4- 6 |  7- 9 | 10-12 || total
-------------------------+-------+-------+-------+-------++-------
Melee: Dagger            |     4 |    18 |    24 |     7 ||    53
       Punch             |       |       |     2 |     1 ||     3
       Short sword       |       |       |       |     3 ||     3
 Cast: Ensorcelled Hiber |       |       |     1 |     6 ||     7
       Confusing Touch   |       |       |     1 |       ||     1
  Use: Potion            |     2 |     1 |     3 |     2 ||     8
       Scroll            |       |       |       |     1 ||     1
 Stab: Invisible         |     1 |     1 |       |       ||     2
       Sleeping          |     1 |       |    14 |     8 ||    23
       Confused          |       |       |     1 |       ||     1
Dodge: Dodged            |       |     9 |     3 |     5 ||    17
